 Dungeon Crawl Stone Soup version 0.22-a0-799-g88f5e90 (webtiles) character file.

52 riteheju the Cutter (level 3, -2/28 HPs)
             Began as a Demonspawn Gladiator on July 21, 2018.
             Slain by an adder (4 damage)
             ... on level 2 of the Dungeon.
             The game lasted 00:09:37 (849 turns).

riteheju the Cutter (Demonspawn Gladiator)           Turns: 849, Time: 00:09:37

Health: -2/28      AC:  4    Str: 12 (15) XL:     3   Next: 60%
Magic:  3/3        EV: 12    Int:  7 (9)  God:
Gold:   19         SH:  0    Dex: 11 (14) Spells: 2/2 levels left

rFire    . . .     SeeInvis .   a - +0 rapier
rCold    . . .     Gourm    .   (no shield)
rNeg     . . .     Faith    .   b - +0 leather armour
rPois    .         Spirit   .   c - +0 helmet
rElec    .         Reflect  .   (no cloak)
rCorr    .         Harm     .   (no gloves)
MR       .....                  (no boots)
Stlth    +.........             (no amulet)
HPRegen  0.09/turn              (no ring)
MPRegen  0.08/turn              (no ring)

@: no status effects
A: demonic guardian 1, sturdy frame 1
a: no special abilities


You were on level 2 of the Dungeon.
You were not hungry.

You visited 1 branch of the dungeon, and saw 2 of its levels.

You collected 19 gold pieces.

Inventory:

Hand Weapons
 a - a +0 rapier (weapon)
Missiles
 d - 3 throwing nets (quivered)
Armour
 b - a +0 leather armour (worn)
 c - a +0 helmet (worn)
Jewellery
 e - a +3 ring of protection
 k - an uncursed amulet of rage {unknown}
Scrolls
 h - 2 scrolls of identify
 j - 2 scrolls of amnesia {unknown}
Comestibles
 f - a ration
 i - 4 chunks of flesh


   Skills:
 + Level 2.5 Fighting
 + Level 3.5 Short Blades
 - Level 1.8 Throwing
 + Level 0.9 Armour
 - Level 2.8 Dodging


You had 2 spell levels left.
You didn't know any spells.
Your spell library was empty.

Dungeon Overview and Level Annotations

Branches:
Dungeon (2/15)

Altars:


Innate Abilities, Weirdness & Mutations

A weak demonic guardian rushes to your aid.
Your movements are slightly less encumbered by armour. (ER -2)


Message History

The adder bites you but does no damage.
You hit the adder but do no damage.
The adder is almost dead.
The adder closely misses you. The adder bites you.
* * * LOW HITPOINT WARNING * * *
The adder bites you.
* * * LOW HITPOINT WARNING * * *
The adder closely misses you. The adder closely misses you.
The adder bites you.
* * * LOW HITPOINT WARNING * * *
It was a potion of degeneration.
There was something very wrong with that liquid.
You feel weakened.
You feel dopey.
You feel clumsy. The adder barely misses you.
As you read the scroll labeled ITWELAU BUASA, it crumbles to dust.
It is a scroll of identify.
e - a +3 ring of protection The adder bites you.
You die...

#####'#.# #.### .#
#.......#..#...# .+
#.......#..#...##.#
#.......#..#<..#..+ ###
#.......#..#.#.#..# ..#
#.......#..#...#..# ..#
#.......#.........#
..####.......#.........#
.....#.......#..@......#
รท.#.........###S.......#
..#....#####....#####..########
..#....# ###.########.........###
..##'### #.....#......>######.#..
####.#####.#.#.#.############.#.#
## #.......#.#.#.#..#.......#.#.#
.# #########.#.#.#..#.#####.#....
.# ..#......#.#..<.......


You could see an adder.

Vanquished Creatures
  Jessica (D:2)
  3 dart slugs
  2 leopard geckos (D:1)
  3 bats
  3 giant cockroaches (D:1)
  5 goblins (D:1)
  3 jackals (D:1)
  2 ball pythons (D:1)
  A frilled lizard (D:1)
  3 rats (D:1)
26 creatures vanquished.

Vanquished Creatures (collateral kills)
  A worm (D:2)
1 creature vanquished.

Grand Total: 27 creatures vanquished

Notes
Turn   | Place    | Note
-------+----------+-------------------------------------------
     0 | D:1      | riteheju the Demonspawn Gladiator began the quest for the Orb.
     0 | D:1      | Reached XP level 1. HP: 16/16 MP: 1/1
    80 | D:1      | Reached skill level 3 in Short Blades
    98 | D:1      | Gained mutation: Your movements are slightly less encumbered by armour. (ER -2) [demonic ancestry]
    98 | D:1      | Reached XP level 2. HP: 17/22 MP: 2/2
   403 | D:1      | Gained mutation: A weak demonic guardian rushes to your aid. [demonic ancestry]
   403 | D:1      | Reached XP level 3. HP: 27/27 MP: 3/3
   685 | D:2      | Noticed Jessica
   691 | D:2      | Killed Jessica
   849 | D:2      | Slain by an adder

Vault maps used:
D:1:      matt_arrival_diagonals
D:2:      marbit_many_paths, gammafunk_temple_overflow_pools,
          nemelex_dance_club_becter, uniq_jessica

Skill      XL: |  1 |
---------------+----+-----
Short Blades   | 3 |  3.5
Fighting       | |  2.5
Throwing       | |  1.8
Armour         | |  0.9
Dodging        | |  2.8

Action                   || total
-------------------------++-------
Melee: Rapier            ||    80
  Use: Scroll            ||     1
       Potion            ||     1
Armor: Leather armour    ||    21
Dodge: Dodged            ||    47

Table legend:
 A = Spawn XP
 B = Non-spawn XP
 C = Spawn XP percentage of total XP
 D = Spawn monster count
 E = Non-spawn monster count
 F = Spawn count percentage of total count
 G = Total turns spent on level
                    A         B        C        D         E        F      G
               +---------+---------+-------+---------+---------+-------+---------
         Total |       0 |      75 |   0.0 |       0 |      27 |   0.0 |   849
               +---------+---------+-------+---------+---------+-------+---------
           D:1 |       0 |      44 |   0.0 |       0 |      23 |   0.0 |   667
           D:2 |       0 |      31 |   0.0 |       0 |       4 |   0.0 |   182
               +---------+---------+-------+---------+---------+-------+---------
